 Dungeon Crawl Stone Soup version 0.26-a0-649-gf8c6c3aab7 (webtiles) character file.

Game seed: 9774047472488868803

1620 flotson the Skirmisher (level 8, -1/100 HPs)
             Began as a Gnoll Wanderer on Sept 27, 2020.
             Was a Follower of Fedhas.
             Succumbed to a wight's poison
             ... on level 6 of the Dungeon.
             The game lasted 00:09:15 (7238 turns).

flotson the Skirmisher (Gnoll Wanderer)             Turns: 7238, Time: 00:09:16

Health: -1/100     AC: 24    Str: 15    XL:     8   Next: 96%
Magic:  17/19      EV:  2    Int: 16    God:    Fedhas [*.....]
Gold:   305        SH:  0    Dex: 15    Spells: 19/19 levels left

rFire    . . .     SeeInvis +   a - +0 war axe
rCold    . . .     Faith    .   (no shield)
rNeg     + + +     Spirit   .   (armour currently unavailable)
rPois    +         Reflect  .   (helmet currently unavailable)
rElec    .         Harm     .   (cloak currently unavailable)
rCorr    .         Rampage  .   (gloves currently unavailable)
MR       .....     NoTele   +   (boots currently unavailable)
Stlth    +.........             (no amulet)
HPRegen  0.26/turn              s - ring of attention (curse)
MPRegen  0.16/turn              A - ring of see invisible

@: lethally poisoned (-1 -> -40), tree-form, heavily drained
A: distributed training, blurry vision 1, high mp 1, strong nose
a: Renounce Religion


You were on level 6 of the Dungeon.
You worshipped Fedhas.
Fedhas was aware of your devotion.
You were a tree.
You visited 2 branches of the dungeon, and saw 7 of its levels.

You collected 305 gold pieces.

Inventory:

Hand Weapons
 a - a +0 war axe (weapon)
Missiles
 r - 13 curare-tipped darts (quivered)
Armour
 f - +0 fire dragon scales (melded)
 i - a +0 helmet (melded)
 k - a +0 pair of gloves (melded)
 p - a +2 leather armour of cold resistance
 w - the cursed +0 cloak of the Shining Light (melded) {Regen+}
   (You found it on level 5 of the Dungeon)

   It increases your rate of regeneration.
   It has a curse placed upon it.
Jewellery
 s - a cursed ring of attention (left branch)
 u - a +6 ring of intelligence
 A - a ring of see invisible (right branch)
Scrolls
 d - 6 scrolls of teleportation
 e - a scroll of remove curse {unknown}
 g - a scroll of blinking {unknown}
 h - 3 scrolls of enchant armour {unknown}
 j - a scroll of amnesia {unknown}
 l - 3 scrolls of identify {unknown}
 n - 2 scrolls of fog {unknown}
 q - a scroll of immolation {unknown}
 t - 2 scrolls of enchant weapon {unknown}
Potions
 b - a potion of heal wounds {unknown}
 c - a potion of might {unknown}
 m - a potion of experience {unknown}
 o - a potion of mutation
 v - a potion of flight
 x - a potion of stabbing {unknown}
 z - 2 potions of lignification


   Skills:
 + Level 7.6(5.5) Fighting
 + Level 3.7(1.8) Short Blades
 + Level 3.7(1.8) Long Blades
 + Level 3.7(1.8) Axes
 + Level 3.7(1.8) Maces & Flails
 + Level 3.7(1.8) Polearms
 + Level 3.7(1.8) Staves
 + Level 3.7(1.8) Slings
 + Level 3.7(1.8) Bows
 + Level 3.7(1.8) Crossbows
 + Level 4.6(2.7) Throwing
 + Level 3.7(1.8) Armour
 + Level 3.7(1.8) Dodging
 + Level 3.7(1.8) Stealth
 + Level 4.6(2.7) Shields
 + Level 3.7(1.8) Unarmed Combat
 + Level 6.3(4.3) Spellcasting
 + Level 3.0(1.2) Conjurations
 + Level 3.8(1.9) Hexes
 + Level 3.0(1.2) Summonings
 + Level 4.9(3.0) Necromancy
 + Level 3.0(1.2) Translocations
 + Level 3.0(1.2) Transmutations
 + Level 3.0(1.2) Fire Magic
 + Level 3.0(1.2) Ice Magic
 + Level 3.0(1.2) Air Magic
 + Level 3.0(1.2) Earth Magic
 + Level 3.0(1.2) Poison Magic
 + Level 4.1(2.2) Invocations
 + Level 3.7(1.8) Evocations


You had 19 spell levels left.
You didn't know any spells.
Your spell library contained the following spells:

 Spells                   Type           Power        Failure   Level
 Freeze                   Ice            #...         10%         1
 Magic Dart               Conj           #...         10%         1
 Slow                     Hex            #.......     11%         2
 Blink                    Tloc           N/A          14%         2
 Call Imp                 Summ           #.......     14%         2
 Confusing Touch          Hex            #.......     22%         3
 Conjure Flame            Conj/Fire      #.......     28%         3
 Gell's Gravitas          Tloc           #.........   28%         3
 Mephitic Cloud           Conj/Pois/Air  #.......     28%         3
 Ozocubu's Armour         Ice            #.......     28%         3
 Petrify                  Tmut/Erth      #.......     67%         4
 Metabolic Englaciation   Hex/Ice        #.........   93%         5
 Yara's Violent Unravell  Hex/Tmut       #.........   93%         5


Dungeon Overview and Level Annotations

Branches:
Dungeon (6/15)             Temple (1/1) D:5

Altars:
Ashenzari
Cheibriados
Elyvilon
Fedhas
Gozag
Hepliaklqana
Makhleb
Nemelex Xobeh
Okawaru
Qazlal
Ru
Sif Muna
Trog
Xom
Yredelemnul
Zin
The Shining One

Shops:
D:4 =


Innate Abilities, Weirdness & Mutations

Your experience applies equally to all skills.
((You have very sharp teeth.))
Your uncanny sense of smell can sniff out nearby items.
((You have razor-sharp toenails.))
Scrolls take you a little longer to read.
You have an increased reservoir of magic. (+10% MP)


Message History

The wight is almost destroyed.
* * * LOW HITPOINT WARNING * * *
You feel very sick. The wight barely misses you.
You barely miss the wight.
The wight is almost destroyed.
* * * LOW HITPOINT WARNING * * *
You feel very sick.
The wight hits you with a +0 morningstar of venom.
* * * LOW HITPOINT WARNING * * *
It was a potion of flight.
Your roots keep you in place.
* * * LOW HITPOINT WARNING * * *
You feel very sick. The wight hits you but does no damage.
You are more poisoned.
It was a potion of mutation.
You feel extremely strange.
Your toenails lengthen and sharpen. x2; Your vision blurs.
You feel more energetic.
You die...
Fedhas appreciates your contribution to the ecosystem.

#..[.P###..#♣.♣.....
#..♣######.#♣P♣...P.
#..##......###♣♣...♣
##..#.####.####...♣.
#..#.#......<#P♣♣♣♣
##.#.##.#....##♣
#.#.#..#.##.#
#z#.#.....#.#
#♣#.#.##..#.##♣# ∆
#.#.#........#.#
#.#.#.##.#####.### ∆
#.#.#....#........ ∆
#.#.#.######.#######
#.#.#..........# #
#.#.########.#.# #
#.#.# #.#.# # #.#.#
#.#.# #


You could see a wight.

Vanquished Creatures
  Pikel (D:5)
  An eye of draining (D:5)
  2 centaurs (D:5)
  A big kobold (D:6)
  A bullfrog (D:6)
  A scorpion (D:4)
  A water moccasin zombie (D:5)
  2 wights (D:6)
  A hound (D:5)
  3 orc priests
  A centaur skeleton (D:4)
  2 iguanas
  4 orc wizards
  2 worker ants
  A killer bee zombie (D:6)
  A gnoll (D:5)
  6 adders
  A white imp (D:6)
  An ufetubus (D:5)
  An adder skeleton (D:5)
  The ghost of Getoffmy the Covert, a weakling GnDe (D:5)
  2 dart slugs
  2 worms
  7 leopard geckos
  22 orcs
  3 bats
  6 giant cockroaches
  5 hobgoblins
  6 jackals (D:1)
  3 quokkas
  A ball python (D:2)
  16 frilled lizards
  6 goblins
  32 kobolds
  A leopard gecko skeleton (D:4)
  2 rats
149 creatures vanquished.

Vanquished Creatures (others)
  24 plants
24 creatures vanquished.

Grand Total: 173 creatures vanquished

Notes
Turn   | Place    | Note
-------+----------+-------------------------------------------
     0 | D:1      | flotson the Gnoll Wanderer began the quest for the Orb.
     0 | D:1      | flotson set off with the following items: a +0 dagger, 13
                  | poisoned darts, a +0 robe; and the following spells
                  | available to memorise: Slow, Freeze, Magic Dart, Blink,
                  | Call Imp, Conjure Flame, Mephitic Cloud, Ozocubu's Armour
     0 | D:1      | Reached XP level 1. HP: 23/23 MP: 6/6
   632 | D:1      | Reached XP level 2. HP: 21/29 MP: 7/7
  1368 | D:1      | Reached XP level 3. HP: 35/35 MP: 9/9
  1395 | D:1      | Reached skill level 5 in Spellcasting
  1789 | D:2      | Reached skill level 1 in Invocations
  1871 | D:2      | Found an iron altar of Okawaru.
  2258 | D:2      | Reached skill level 1 in Short Blades
  2258 | D:2      | Reached skill level 1 in Long Blades
  2258 | D:2      | Reached skill level 1 in Axes
  2258 | D:2      | Reached skill level 1 in Maces & Flails
  2258 | D:2      | Reached skill level 1 in Polearms
  2258 | D:2      | Reached skill level 1 in Staves
  2258 | D:2      | Reached skill level 1 in Slings
  2258 | D:2      | Reached skill level 1 in Bows
  2258 | D:2      | Reached skill level 1 in Crossbows
  2258 | D:2      | Reached skill level 1 in Armour
  2258 | D:2      | Reached skill level 1 in Dodging
  2258 | D:2      | Reached skill level 1 in Stealth
  2258 | D:2      | Reached skill level 1 in Unarmed Combat
  2258 | D:2      | Reached skill level 1 in Evocations
  2688 | D:2      | Reached XP level 4. HP: 32/41 MP: 11/11
  3739 | D:3      | Reached skill level 1 in Conjurations
  3739 | D:3      | Reached skill level 1 in Summonings
  3739 | D:3      | Reached skill level 1 in Translocations
  3739 | D:3      | Reached skill level 1 in Transmutations
  3739 | D:3      | Reached skill level 1 in Fire Magic
  3739 | D:3      | Reached skill level 1 in Ice Magic
  3739 | D:3      | Reached skill level 1 in Air Magic
  3739 | D:3      | Reached skill level 1 in Earth Magic
  3739 | D:3      | Reached skill level 1 in Poison Magic
  4066 | D:4      | Reached XP level 5. HP: 42/47 MP: 12/12
  4190 | D:4      | Found a white marble altar of Elyvilon.
  4209 | D:4      | Reached XP level 6. HP: 39/53 MP: 13/13
  4420 | D:4      | Found Being's Jewellery Shoppe.
  4451 | D:4      | Found a sacrificial altar of Ru.
  4755 | D:4      | Found a broken altar of Ashenzari.
  5187 | D:5      | Entered Level 5 of the Dungeon
  5222 | D:5      | Found a staircase to the Ecumenical Temple.
  5227 | Temple   | Entered the Ecumenical Temple
  5274 | Temple   | Became a worshipper of Fedhas Madash
  5364 | D:5      | Found a runed translucent door.
  5364 | D:5      | Noticed Getoffmy's ghost (weakling GnDe)
  5372 | D:5      | Noticed Pikel
  5408 | D:5      | Killed Pikel
  5408 | D:5      | Reached skill level 7 in Fighting
  5408 | D:5      | Reached XP level 7. HP: 32/60 MP: 15/15
  5408 | D:5      | Reached XP level 8. HP: 35/67 MP: 16/16
  5582 | D:5      | Identified the +2 leather armour of Booscho {Harm}
  6104 | D:5      | Got a jewelled cloak
  6110 | D:5      | Identified the cursed +0 cloak of the Shining Light
                  | {Regen+} (You found it on level 5 of the Dungeon)
  6278 | D:5      | Found a bloodstained altar of Trog.
  6531 | D:5      | Reached * piety under Fedhas
  6657 | D:5      | Killed Getoffmy's ghost
  7236 | D:6      | HP: 5/100 [wight/+0 morningstar of venom (2)]
  7238 | D:6      | Gained mutation: You have sharp toenails. [potion of
                  | mutation]
  7238 | D:6      | Gained mutation: You have razor-sharp toenails. [potion of
                  | mutation]
  7238 | D:6      | Gained mutation: Scrolls take you a little longer to read.
                  | [potion of mutation]
  7238 | D:6      | Gained mutation: You have an increased reservoir of magic.
                  | (+10% MP) [potion of mutation]
  7238 | D:6      | Succumbed to a wight's poison

Illustrated notes

Levels and vault maps discovered:
D:1:      eino_arrival_druids_welcome, layout_loops_corners, st_stairs_12
D:2:      layout_basic, nicolae_overflow_crystal_walls
D:3:      layout_basic, minmay_lizard_king
D:4:      layout_cave_pools, lemuel_doored_altar, nicolae_ru_path_of_blood,
          elyvilon_altar_1, serial_forest, infiniplex_forest_lined_3,
          infiniplex_forest_3_way, infiniplex_forest_straight_4,
          infiniplex_forest_clump_medium, infiniplex_forest_corner_1,
          infiniplex_forest_straight_2, serial_shops, kennysheep_mini_moat
D:5:      layout_loops_ring, trog_eyes_of_draining,
          minmay_temple_entry_glassed_door, ebering_ghost_sewer_d, uniq_pikel
D:6:      kennysheep_kobold_camp, layout_basic, lemuel_round_altar
Temple:   minmay_temple_bridge_abc

Skill      XL: |  1  2  3  4  5  6  7  8 |
---------------+-------------------------+-----
Hexes          | 2 3 |  3.8
Spellcasting   | 5 6 |  6.3
Invocations    | 1 2 3 4 |  4.1
Short Blades   | 1 2 3 |  3.7
Long Blades    | 1 2 3 |  3.7
Axes           | 1 2 3 |  3.7
Maces & Flails | 1 2 3 |  3.7
Polearms       | 1 2 3 |  3.7
Staves         | 1 2 3 |  3.7
Slings         | 1 2 3 |  3.7
Bows           | 1 2 3 |  3.7
Crossbows      | 1 2 3 |  3.7
Armour         | 1 2 3 |  3.7
Dodging        | 1 2 3 |  3.7
Stealth        | 1 2 3 |  3.7
Unarmed Combat | 1 2 3 |  3.7
Evocations     | 1 2 3 |  3.7
Conjurations   | 1 2 3 |  3.0
Summonings     | 1 2 3 |  3.0
Translocations | 1 2 3 |  3.0
Transmutations | 1 2 3 |  3.0
Fire Magic     | 1 2 3 |  3.0
Ice Magic      | 1 2 3 |  3.0
Air Magic      | 1 2 3 |  3.0
Earth Magic    | 1 2 3 |  3.0
Poison Magic   | 1 2 3 |  3.0
Throwing       | 3 4 |  4.6
Shields        | 3 4 |  4.6
Necromancy     | 4 |  4.9
Fighting       | 7 |  7.6

Action                   |  1- 3 |  4- 6 |  7- 9 || total
-------------------------+-------+-------+-------++-------
Melee: Dagger            |   287 |    37 |       ||   324
       Bite              |    30 |    28 |    33 ||    91
       Punch             |     1 |     1 |     3 ||     5
       War axe           |       |   176 |   205 ||   381
  Use: Potion            |       |       |     3 ||     3
       Scroll            |       |       |     1 ||     1
Armor: Fire dragon scale |   142 |   138 |   149 ||   429
       Robe              |     6 |       |       ||     6
       Skin              |       |       |     4 ||     4
Dodge: Dodged            |   121 |   109 |   136 ||   366

Table legend: (Time is in decaauts)
 A = Elapsed time spent in this place.
 B = Non-inter-level travel time spent in this place.
 C = Inter-level travel time spent in this place.
 D = Time resting spent in this place.
 E = Time spent auto-exploring this place.
 F = Levels seen in this place.
 G = Mean time per level.
                   A        B        C        D        E       F      G
               +--------+--------+--------+--------+--------+-----+--------+
         Total |   7387 |   7080 |    307 |    365 |   5348 |   7 | 1055.3 |
       Dungeon |   7318 |   7032 |    286 |    365 |   5303 |   6 | 1219.7 |
        Temple |     68 |     47 |     21 |      0 |     45 |   1 |   68.0 |
               +--------+--------+--------+--------+--------+-----+--------+

Top non-repeatable levels by time:
     D:1: 1851 daAuts
     D:5: 1507 daAuts
     D:2: 1367 daAuts
     D:4: 1162 daAuts
     D:3: 854 daAuts
     D:6: 575 daAuts
  Temple: 68 daAuts
